 Dungeon Crawl Stone Soup version 0.20-a0-449-g96be121 (webtiles) character file.

2636 hairmachine the Covert (level 9, 0/44 HPs)
             Began as a Spriggan Enchanter on Jan 7, 2017.
             Was a Priest of Dithmenos.
             Slain by a killer bee (7 damage)
             ... on level 8 of the Dungeon.
             The game lasted 00:44:13 (10816 turns).

hairmachine the Covert (Spriggan Enchanter)        Turns: 10816, Time: 00:44:17

Health: 0/44       AC:  3    Str:  3 (5)  XL:     9   Next: 35%
Magic:  11/20      EV: 18    Int: 18 (19) God:    Dithmenos [***...]
Gold:   334        SH:  0    Dex: 15 (16) Spells: 9/21 levels left

rFire  . . .     SeeInvis +     a - +2 dagger
rCold  . . .     Gourm    .     b - +0 robe
rNeg   . . .     Faith    .     (shield restricted)
rPois  .         Spirit   .     (helmet restricted)
rElec  .         Reflect  .     C - +0 cloak
rCorr  .         Harm     .     (gloves unavailable)
MR     +....                    (boots unavailable)
Stlth  +++++++...               (no amulet)
                                (no ring)
                                (no ring)

@: lethally poisoned (0 -> -6), wreathed by umbra, very quick
A: unfitting armour, see invisible, herbivore 3, speed 3, slow metabolism 2
a: Shadow Step, Renounce Religion


You were on level 8 of the Dungeon.
You worshipped Dithmenos.
Dithmenos was most pleased with you.
You were not hungry.

You visited 1 branch of the dungeon, and saw 8 of its levels.

You collected 334 gold pieces.


Innate Abilities, Weirdness & Mutations

You are very small and have problems with some larger weapons.
You are too small for most types of armour.
You have supernaturally acute eyesight. (SInv)
You are a herbivore.
You cover ground extremely quickly.
You need consume almost no food.


   Skills:
 + Level 3.5 Fighting
 - Level 2.0 Short Blades
 - Level 3.0 Dodging
 + Level 11.9 Stealth
 + Level 6.7 Spellcasting
 + Level 9.9 Hexes


You had 9 spell levels left.
You knew the following spells:

 Your Spells              Type           Power        Failure   Level  Hunger
a - Corona                Hex            #####..      1%          1    None
b - Tukima's Dance        Hex            #####...     1%          3    ##.....
c - Confuse               Hex            #####...     1%          3    ##.....
d - Dazzling Spray        Conj/Hex       ###...       4%          3    ##.....
z - Ensorcelled Hibernat  Hex/Ice        ###...       1%          2    None

Inventory:

Hand Weapons
 a - a +2 dagger (weapon)
 A - a +0 shortbow
   (You found it on level 3 of the Dungeon)
Missiles
 e - 12 stones (quivered)
 i - 4 throwing nets {!f=f, !d}
 w - 11 poisoned needles
 x - 18 arrows
Armour
 b - a +0 robe (worn)
 C - a +0 cloak (worn)
   (You took it off Crazy Yiuf on level 4 of the Dungeon)
 E - the +2 hat of Syndicalism {*Slow rPois rCorr Str-3}
   (You found it on level 5 of the Dungeon)

   It affects your strength (-3).
   It protects you from poison.
   It protects you from acid and corrosion.
   It may slow you when you take damage.
Jewellery
 h - a +4 amulet of reflection {unknown}
   (You found it on level 4 of the Dungeon)
 n - an uncursed amulet of rage {unknown}
   (You found it on level 2 of the Dungeon)
 q - an uncursed ring of protection from cold {unknown}
   (You found it on level 2 of the Dungeon)
 P - an uncursed amulet of rage {unknown}
   (You found it on level 6 of the Dungeon)
Wands
 z - a wand of paralysis (13/24)
   (You found it on level 3 of the Dungeon)
 D - a wand of polymorph (13/24)
   (You found it on level 5 of the Dungeon)
 H - a wand of lightning (3/15)
   (You found it on level 5 of the Dungeon)
 J - a wand of digging (6/24)
   (You found it on level 5 of the Dungeon)
 R - a wand of paralysis (9/24)
   (You found it on level 7 of the Dungeon)
Scrolls
 g - 4 scrolls of identify {!r, unknown}
 j - 3 scrolls of remove curse {!r}
 k - 2 scrolls of enchant weapon {!r}
 t - 2 scrolls of teleportation {!r}
 u - 2 scrolls of magic mapping {!r}
 y - 2 scrolls of immolation {!r, unknown}
 F - 2 scrolls of blinking {!r, unknown}
 K - 2 scrolls of amnesia {!r, unknown}
 M - a scroll of fear {!r, unknown}
 N - a scroll of holy word {!r, unknown}
 Q - a scroll of fog {!r, unknown}
 T - a scroll of recharging {!r}
Potions
 f - 4 potions of degeneration {!q}
 l - a potion of heal wounds {!q, unknown}
 o - 2 potions of flight {!q, unknown}
 p - a potion of mutation {!q, unknown}
 r - 3 potions of curing {!q, unknown}
 s - 2 potions of agility {!q, unknown}
 v - a potion of magic {!q, unknown}
 B - 2 potions of cancellation {!q, unknown}
 G - 2 potions of invisibility {!q, unknown}
 O - a potion of haste {!q, unknown}
 S - a potion of might {!q, unknown}
Books
 c - a book of Maledictions

   Spells                             Type                      Level
   a - Corona                         Hexes                        1
   b - Ensorcelled Hibernation        Hexes/Ice                    2
   c - Confuse                        Hexes                        3
   d - Tukima's Dance                 Hexes                        3
   e - Dazzling Spray                 Conjuration/Hexes            3
 L - a book of the Warp
   (You found it on level 4 of the Dungeon)

   Spells                             Type                      Level
   a - Gell's Gravitas                Hexes/Translocation          3
   b - Portal Projectile              Translocation                3
   c - Force Lance                    Conjuration/Translocation    4
   d - Dispersal                      Translocation                6
   e - Controlled Blink               Translocation                8
   f - Disjunction                    Translocation                8
Comestibles
 d - a bread ration
 m - a fruit
 I - a slice of pizza

Dungeon Overview and Level Annotations

Branches:
Dungeon (8/15)             Temple (0/1) D:4
   Lair: D:8-11

Altars:
Dithmenos
Gozag
Makhleb
Trog
Vehumet
The Shining One

Shops:
D:8 =

Annotations:
D:4 exclusion: downstairs
D:6 Gorice's ghost, novice BaAM
D:7 exclusion: downstairs

.....##....(#......###..<.....##
......'.......)y@...............
.....##.....##.yy...##..s....5##
.....##.....###.....##..†.P..P..
#######..............#....P.P...
####......(.(......PP...P.P..
##....................PP..PPP.
.......†.............P.P.P..§.
....................?P..#+##...
....................P...#


P.P ....##.............PP..P# .. .... ###.##........P.PP.# .....##
#.##..........P.P. ......###..............PP.. .##...#..................
.(#...#.......###.....PP. ..#...#.......###........ You could see 3 killer bees.


Message History

The killer bee misses you. x2
Damage: -11%(-5hp) hp: 89%(39hp)
You feel sick.
Damage: -2%(-1hp) hp: 87%(38hp)
Casting: Ensorcelled Hibernation
Confirm with . or Enter, or press ? or * to list all spells.
Aiming: Dazzling Spray
Press: ? - help, Shift-Dir - straight line, f/p - killer bee
Aim: a killer bee (umbra)
Okay, then.
You see here a hunting sling.
You feel sick. The killer bee completely misses you.
Damage: -2%(-1hp) hp: 85%(37hp)
Casting: Dazzling Spray
Confirm with . or Enter, or press ? or * to list all spells.
Aiming: Dazzling Spray
Press: ? - help, Shift-Dir - straight line, f/p - killer bee
Aim: a killer bee (umbra)
The spray of energy misses the killer bee.
The spray of energy hits the killer bee.
The killer bee is heavily wounded.
The killer bee is dazzled.
The spray of energy hits the killer bee.
The killer bee is moderately wounded.
The killer bee stings you.
The killer bee stings you but does no damage.
The killer bee completely misses you.
Damage: -14%(-6hp) hp: 71%(31hp)
Casting: Dazzling Spray
Confirm with . or Enter, or press ? or * to list all spells.
Aiming: Dazzling Spray
Press: ? - help, Shift-Dir - straight line, f - killer bee, p - killer bee
Aim: a killer bee (umbra)
The spray of energy misses the killer bee.
The spray of energy hits the killer bee.
The killer bee is moderately wounded.
The killer bee is dazzled.
The spray of energy hits the killer bee.
The killer bee is moderately wounded.
The killer bee is dazzled.
You feel sick. The killer bee closely misses you. The killer bee stings you!
* * * LOW HITPOINT WARNING * * *
You are more poisoned.
The killer bee poisons you! The killer bee barely misses you.
The killer bee closely misses you.
The killer bee buzzes angrily.
Huge Dmg: -21%(-9hp) hp: 50%(22hp)
Casting: Dazzling Spray
Confirm with . or Enter, or press ? or * to list all spells.
Aiming: Dazzling Spray
Press: ? - help, Shift-Dir - straight line, f/p - killer bee
Aim: a killer bee (umbra)
The spray of energy hits the killer bee.
The killer bee is moderately wounded.
The killer bee is dazzled.
The spray of energy hits the killer bee.
The killer bee is severely wounded.
The killer bee is dazzled.
You feel sick. The killer bee closely misses you.
The killer bee misses you. x2; The killer bee stings you.
* * * LOW HITPOINT WARNING * * *
The killer bee completely misses you.
Huge Dmg: -11%(-5hp) hp: 39%(17hp)
You hit the killer bee but do no damage.
The killer bee is severely wounded.
You feel sick. The killer bee misses you. x2
The killer bee closely misses you. x2; The killer bee barely misses you.
Damage: -2%(-1hp) hp: 37%(16hp) Unknown command.
You catch the helpless killer bee completely off-guard!
You impale the killer bee!!
You kill the killer bee!
You feel sick. The killer bee misses you. The killer bee barely misses you.
The killer bee misses you. x2
Damage: -2%(-1hp) hp: 35%(15hp)
You miss the killer bee.
The killer bee is moderately wounded.
You feel sick. The killer bee closely misses you. The killer bee misses you. x2
Damage: -3%(-1hp) hp: 32%(14hp)
You miss the killer bee.
The killer bee is moderately wounded.
The killer bee is no longer blind.
The killer bee closely misses you. The killer bee barely misses you.
The killer bee stings you.
* * * LOW HITPOINT WARNING * * *
The killer bee closely misses you. x2
Damage: -4%(-2hp) hp: 28%(12hp)
You hit the killer bee.
The killer bee is heavily wounded.
You feel sick.
The killer bee is no longer blind.
The killer bee stings you.
* * * LOW HITPOINT WARNING * * *
The killer bee misses you.
Huge Dmg: -9%(-4hp) hp: 19%(8hp) Really quaff
f - 5 brown potions {!q}?
It was a potion of degeneration {!q}.
There was something very wrong with that liquid.
You feel weakened.
You feel dopey.
You feel clumsy.
* * * LOW HITPOINT WARNING * * *
You feel sick.
The killer bee is no longer blind.
The killer bee stings you!
You die...

Vault maps used:
D:1:      ncdulo_wetmaze
D:2:      chequers_temple_overflow_statue_of_worship, first_bread, minivault_5,
          tso_metal_star
D:4:      portal_sewer_entry_a, due_unseen_surprise, uniq_crazy_yiuf_cottage
D:5:      nicolae_overflow_hidden_temple, basic_altar
D:6:      minmay_misc_feat_room
D:7:      makhleb_blood_cavern_becter, uniq_menkaure
D:8:      grunt_lair_entry_orc_guard_hut, enter_ossuary_3, serial_shops,
          nicolae_shop_behind_doors, special_room

Notes
Turn   | Place    | Note
-------+----------+-------------------------------------------
     0 | D:1      | hairmachine the Spriggan Enchanter began the quest for the Orb.
     0 | D:1      | Reached XP level 1. HP: 9/9 MP: 5/5
   265 | D:1      | Reached XP level 2. HP: 11/13 MP: 4/6
   269 | D:1      | Learned a level 2 spell: Ensorcelled Hibernation
   567 | D:2      | Found a shadowy altar of Dithmenos.
   568 | D:2      | Found a radiant altar of Vehumet.
   574 | D:2      | Became a worshipper of Dithmenos the Shadowed
   907 | D:2      | Reached skill level 5 in Stealth
   907 | D:2      | Reached XP level 3. HP: 16/16 MP: 8/8
  1189 | D:2      | Found a glowing golden altar of the Shining One.
  2335 | D:2      | Reached XP level 4. HP: 18/21 MP: 9/9
  2475 | D:3      | Reached skill level 5 in Hexes
  2723 | D:3      | Reached * piety under Dithmenos
  3221 | D:3      | Learned a level 3 spell: Tukima's Dance
  3590 | D:3      | Reached skill level 6 in Stealth
  4267 | D:3      | Reached XP level 5. HP: 11/24 MP: 5/10
  4522 | D:4      | Found a runed door.
  4772 | D:4      | Reached skill level 7 in Stealth
  4945 | D:4      | Found a staircase to the Ecumenical Temple.
  5195 | D:4      | Reached XP level 6. HP: 28/28 MP: 4/11
  5357 | D:4      | Found a glowing drain.
  5361 | D:4      | Reached ** piety under Dithmenos
  5677 | D:4      | Noticed Crazy Yiuf
  5681 | D:4      | Killed Crazy Yiuf
  5698 | D:4      | Learned a level 3 spell: Confuse
  5702 | D:4      | Learned a level 3 spell: Dazzling Spray
  5742 | D:5      | Entered Level 5 of the Dungeon
  5751 | D:5      | Noticed an ice beast
  5785 | D:5      | Got a dazzling hat
  5791 | D:5      | Identified the +2 hat of Syndicalism {*Slow rPois rCorr Str-3} (You found it on level 5 of the Dungeon)
  5887 | D:5      | Noticed a water moccasin
  5896 | D:5      | Killed a water moccasin
  5896 | D:5      | Reached skill level 8 in Stealth
  5896 | D:5      | Reached XP level 7. HP: 32/32 MP: 8/13
  6406 | D:5      | Found an opulent altar of Gozag.
  6414 | D:5      | Found a bloodstained altar of Trog.
  6953 | D:5      | Reached skill level 9 in Stealth
  7526 | D:6      | Noticed Gorice's ghost (novice BaAM)
  7624 | D:6      | Reached skill level 10 in Stealth
  7645 | D:6      | Reached skill level 1 in Fighting
  7645 | D:6      | Reached XP level 8. HP: 37/37 MP: 12/15
  7780 | D:6      | Reached *** piety under Dithmenos
  8413 | D:7      | Noticed Menkaure
  8430 | D:7      | Killed Menkaure
  8430 | D:7      | Reached skill level 5 in Spellcasting
  8502 | D:7      | Found a burning altar of Makhleb.
  8826 | D:7      | Reached skill level 11 in Stealth
 10169 | D:8      | Reached XP level 9. HP: 43/43 MP: 3/19
 10449 | D:8      | Found Efuabad's Jewellery Emporium.
 10541 | D:8      | Found a sand-covered staircase.
 10816 | D:8      | Slain by a killer bee

Vanquished Creatures
  2 hungry ghosts (D:8)
  Menkaure (D:7)
  A water moccasin (D:5)
  2 porcupines (D:8)
  3 ice beasts
  2 necrophages (D:7)
  2 ogres
  A big kobold (D:8)
  4 bullfrogs
  A wyvern zombie (D:6)
  A killer bee (D:8)
  A scorpion (D:8)
  2 crimson imps
  5 hounds
  2 jellies
  Crazy Yiuf (D:4)
  A gnoll shaman (D:7)
  An orc priest (D:3)
  An iguana (D:4)
  3 orc wizards
  2 worker ants (D:4)
  3 hound skeletons
  9 adders
  6 gnolls (D:7)
  A river rat (D:4)
  2 shadow imps
  2 worms
  A dart slug (D:2)
  4 leopard geckos
  31 orcs
  2 ball pythons
  6 bats
  5 giant cockroaches
  3 goblins
  11 hobgoblins
  11 jackals
  2 quokkas
  2 frilled lizards
  7 kobolds
  A leopard gecko skeleton (D:7)
  2 quokka skeletons
  5 rats
155 creatures vanquished.

Action                   |  1- 3 |  4- 6 |  7- 9 || total
-------------------------+-------+-------+-------++-------
Melee: Dagger            |   112 |   133 |   232 ||   477
 Fire: Blowgun           |       |    11 |       ||    11
Throw: Stone             |     2 |     1 |     1 ||     4
 Cast: Corona            |     2 |       |       ||     2
       Ensorcelled Hiber |    21 |    52 |    80 ||   153
       Confuse           |       |       |    27 ||    27
       Dazzling Spray    |       |       |     6 ||     6
Invok: Shadow Step       |       |       |     1 ||     1
Evoke: Wand              |       |       |     5 ||     5
  Use: Scroll            |       |     3 |     2 ||     5
       Potion            |       |       |     1 ||     1
 Stab: Sleeping          |    19 |    36 |    47 ||   102
       Distracted        |     1 |       |     1 ||     2
       Confused          |       |       |    17 ||    17
       Paralysed         |       |       |     3 ||     3
       Invisible         |       |       |     1 ||     1
  Eat: Bread ration      |       |     1 |     1 ||     2
       Royal jelly       |       |     1 |       ||     1
       Fruit             |       |       |     1 ||     1
       Pizza             |       |       |     1 ||     1
Armor: Robe              |    16 |     7 |     7 ||    30
Dodge: Dodged            |    99 |    98 |   169 ||   366

Skill      XL: |  1  2  3  4  5  6  7  8  9 |
---------------+----------------------------+-----
Hexes          | 4 5 6 7 8 9 |  9.9
Stealth        | 5 6 7 8 10 11 | 11.9
Short Blades   | 2 |  2.0
Spellcasting   | 3 4 6 |  6.7
Fighting       | 1 2 3 |  3.5
Dodging        | |  3.0
